 Dungeon Crawl Stone Soup version 0.20.1-1-g8b1a95d (webtiles) character file.

242290 Jazqa the Fencer (level 18, -6/178 HPs)
             Began as a Minotaur Berserker on Oct 24, 2017.
             Was a High Priest of Trog.
             Killed from afar by Nikola (34 damage)
             ... with a chain lightning
             ... on level 4 of the Shoals on Oct 25, 2017.
             The game lasted 01:26:47 (31689 turns).

Jazqa the Fencer (Minotaur Berserker)              Turns: 31689, Time: 01:26:49

Health: -6/178     AC: 30    Str: 23    XL:     18   Next: 67%
Magic:  2/2        EV: 20    Int:  4    God:    Trog [*****.]
Gold:   3118       SH:  0    Dex: 17    Spells: 17/17 levels left

rFire    . . .     SeeInvis +   m - +9 great sword (antimagic)
rCold    . . .     Gourm    .   (shield currently unavailable)
rNeg     . . .     Faith    .   z - +6 chain mail of Exclusion {rPois MP-9 SInv Stlth+}
rPois    +         Spirit   .   (helmet restricted)
rElec    .         Reflect  .   r - +0 cloak
rCorr    .         Harm     .   Y - +2 pair of gloves {archery}
MR       ++++.                  l - +0 pair of boots
Stlth    ..........             g - amulet of regeneration
Regen    1.8/turn               M - ring of protection from magic
MPRegen  0.1/turn               v - ring of see invisible

@: regenerating
A: retaliatory headbutt, horns 2, thin metallic scales 1
}: 2/15 runes: barnacled, gossamer
a: Berserk, Trog's Hand, Brothers in Arms, Burn Spellbooks, Renounce Religion


You were on level 4 of the Shoals.
You worshipped Trog.
Trog was extremely pleased with you.
You were not hungry.

You visited 5 branches of the dungeon, and saw 31 of its levels.
You visited the Abyss 1 time.
You also visited: Ice Cave.

You collected 3446 gold pieces.
You spent 328 gold pieces at shops.


Innate Abilities, Weirdness & Mutations

You reflexively headbutt those who attack you in melee.
You have a pair of horns on your head.
You are partially covered in thin metallic scales. (AC +2)


   Skills:
 + Level 19.9 Fighting
 + Level 20.2 Long Blades
 + Level 18.5 Armour
 + Level 18.0 Dodging


You had 17 spell levels left.
You didn't know any spells.

Inventory:

Hand Weapons
 k - the +6 long sword of Wuba {holy, rPois rC- Dex+4}
   (You found it on level 2 of the Spider Nest)

   It has been blessed by the Shining One to cause great damage to the undead
   and demons.
   It affects your dexterity (+4).
   It makes you vulnerable to cold.
   It protects you from poison.
 m - a +9 antimagic great sword (weapon)
 O - a +4 antimagic triple sword
 R - the +5 scimitar "Cesu" {freeze, Int+2 Stlth+}
   (You found it on level 11 of the Dungeon)

   It has been specially enchanted to freeze those struck by it, causing extra
   injury to most foes and up to half again as much damage against particularly
   susceptible opponents.
   It can also slow down cold-blooded creatures.
   It affects your intelligence (+2).
   It makes you more stealthy.
 U - a +2 scimitar of flaming
 V - the +6 triple sword "Killer Bee's Doom" {elec, rC+}
   (Trog gifted it to you on level 2 of the Lair of Beasts)

   Occasionally, upon striking a foe, it will discharge some electrical energy
   and cause terrible harm.
   It protects you from cold.
Missiles
 B - 5 throwing nets {=f}
Armour
 l - a +0 pair of boots (worn)
 r - a +0 cloak (worn)
 z - the +6 chain mail of Exclusion (worn) {rPois MP-9 SInv Stlth+}
   (You found it on level 4 of the Dungeon)

   It protects you from poison.
   It affects your magic capacity (-9).
   It lets you see invisible.
   It makes you more stealthy.
 H - the -3 large shield "Wecvouch" {rF+}
   (You found it on level 7 of the Dungeon)

   It protects you from fire.
 Y - a +2 pair of gloves of archery (worn)
Jewellery
 g - an amulet of regeneration (around neck)
 v - a ring of see invisible (right hand)
 C - an uncursed ring of ice
 F - an uncursed ring of fire
 M - a ring of protection from magic (left hand)
 P - an uncursed ring of poison resistance
Wands
 a - a wand of clouds (2/9)
 b - a wand of confusion (40/48)
 o - a wand of flame (23/48)
 D - a wand of lightning (14/15)
 I - a wand of enslavement (9/24)
Scrolls
 j - 3 scrolls of identify {@r1}
 q - 14 scrolls of teleportation {@r4}
 y - a scroll of fear
 K - 11 scrolls of remove curse {@r2}
 L - a scroll of holy word
 N - 7 scrolls of recharging
 Q - 3 scrolls of magic mapping
 W - 2 scrolls of fog
Potions
 d - 5 potions of haste {@q3}
 h - 4 potions of curing {@q1}
 i - 6 potions of might
 p - 2 potions of invisibility
 w - 5 potions of lignification {!q}
 x - 2 potions of flight
 E - 6 potions of agility
 G - 2 potions of resistance
 T - 6 potions of ambrosia
Books
 Z - the Catalogue of the Traveller and Flight
   (You found it on level 2 of the Spider Nest)

   Spells                             Type                      Level
   a - Static Discharge               Conjuration/Air              3
   b - Summon Lightning Spire         Summoning/Air                4
   c - Freezing Cloud                 Conjuration/Ice/Air          6
   d - Dispersal                      Translocation                6
   Trog disapproves of the use of such an item.
Miscellaneous
 t - a lightning rod (4/4)
 S - a phial of floods
 X - 3 boxes of beasts
Comestibles
 c - 20 bread rations {@e1}
 n - 38 fruits {@e2}
 s - 16 royal jellies {@e3}
 u - 5 meat rations {@e1}

Dungeon Overview and Level Annotations

Branches:
Dungeon (15/15)            Temple (0/1) D:7            Lair (6/6) D:11
 Shoals (4/4) Lair:3       Spider (4/4) Lair:3        Slime (0/5) Lair:5
    Orc (2/2) D:10            Elf (0/3) Orc:2        Vaults (0/5) D:14
 Depths (0/5) D:15

Altars:
Ashenzari
Dithmenos
Elyvilon
Fedhas
Kikubaaqudgha
Nemelex Xobeh
Okawaru
Sif Muna
Trog
Xom
Yredelemnul
Zin

Shops:
D:4 *   D:15 %   Orc:2 *%!}

Annotations:
D:3 2 transporters
Lair:5 exclusion: 2 oklob plants
Shoals:4 Ilsuiw, Nikola
Spider:1 exclusion: Roxanne, Roxanne

........#####≈≈≈≈≈≈ ≈.
.........≈≈≈≈≈≈≈≈≈≈ ≈.#
.........≈≈≈≈≈≈≈≈≈≈
PP≈≈≈≈≈≈...#....@...≈≈≈≈≈≈≈≈...
#P≈≈≈≈≈≈≈≈.#▒▒▒##▒#@≈≈≈≈≈≈.....
#≈≈≈≈≈≈≈≈≈..##...§.≈≈≈≈≈≈.####
#≈≈≈≈≈≈≈≈≈≈......≈≈≈≈.≈≈.## #
#≈≈≈≈≈≈≈≈≈≈(....≈≈≈≈≈≈≈≈..▒▒▒▒
#≈≈≈..≈......@..≈≈≈≈≈≈≈≈≈.....
##≈≈.......<.#▒#.≈≈≈≈≈≈≈≈≈.....
###≈≈≈.........###.≈≈≈≈≈≈≈≈≈(...≈
≈≈≈≈≈≈........≈≈.≈≈≈≈≈≈≈≈≈≈≈#####
...≈≈...###......≈≈≈≈≈≈≈≈≈≈##≈≈≈#
.....≈≈.# ▒#.....≈≈≈≈≈≈≈≈≈≈#.≈≈≈≈
...%.≈.(###......≈≈≈≈(≈≈≈..()≈)≈≈
...........(.≈≈....≈≈)≈≈≈.(#≈≈≈≈≈
........≈..≈......P≈≈≈≈≈≈.)##...#


You could see Nikola.


Message History

Use which ability? (? or * to list)
Your skin crawls.
You feel resistant to hostile enchantments.
You feel somewhat more hungry.
Unknown command.
Use which ability? (? or * to list)
Your ogre goes berserk!
You feel somewhat more hungry.
Nikola mumbles some strange words.
You hear a mighty clap of thunder!
The lightning arc hits you!
* * * LOW HITPOINT WARNING * * *
The lightning arc hits Nikola.
The lightning arc hits you!
* * * LOW HITPOINT WARNING * * *
The lightning arc hits Nikola.
The lightning arc hits you!
* * * LOW HITPOINT WARNING * * *
The lightning arc hits Nikola.
You hear a shout!
You hear an angry hiss.
You hear a shout!
You hear a screech!
You hear a shout!
Unknown command.
Your ogre rages.
Nikola hits your ogre with a rapier of electrocution.
Your ogre hits Nikola with a giant spiked club!
Nikola mumbles some strange words.
You hear a mighty clap of thunder!
The lightning arc hits your ogre. x3
Your ogre dies!
Your ogre's corpse disappears in a puff of smoke!
The lightning arc hits Nikola.
The lightning arc hits you!
You die...

Skill      XL: |  1  2  3  4  5  6  7  8  9 10 11 12 13 14 15 16 17 18 |
---------------+-------------------------------------------------------+-----
Fighting       | 4 5 6 7 8 9 10 11 12 14 15 16 17 18 19 | 19.9
Long Blades    | 4 5 6 7 9 10 11 12 14 15 16 17 18 19 20 | 20.2
Armour         | 4 6 7 9 11 12 13 15 16 17 18 | 18.5
Dodging        | 3 5 7 8 10 12 13 14 15 16 17 18 | 18.0

Action                   |  1- 3 |  4- 6 |  7- 9 | 10-12 | 13-15 | 16-18 || total
-------------------------+-------+-------+-------+-------+-------+-------++-------
Melee: Falchion          |    54 |   119 |    86 |       |       |       ||   259
       Headbutt          |     7 |    17 |    47 |   157 |   287 |   383 ||   898
       Long sword        |       |       |   164 |   222 |       |       ||   386
       Scimitar          |       |       |       |   309 |   536 |       ||   845
       Triple sword      |       |       |       |    41 |    75 |       ||   116
       Great sword       |       |       |       |       |   412 |  1217 ||  1629
       Double sword      |       |       |       |       |       |     7 ||     7
Invok: Berserk           |       |     2 |     5 |     4 |     2 |       ||    13
       Brothers in Arms  |       |       |       |     3 |     4 |     9 ||    16
       Trog's Hand       |       |       |       |     2 |     3 |    18 ||    23
       Burn Spellbooks   |       |       |       |       |       |     2 ||     2
Evoke: Wand              |       |       |       |       |     4 |     5 ||     9
  Use: Scroll            |       |     9 |     5 |    12 |    13 |    11 ||    50
       Potion            |       |       |       |     3 |     2 |    19 ||    24
 Stab: Sleeping          |       |       |       |     1 |       |       ||     1
       Petrified         |       |       |       |       |     6 |       ||     6
       Petrifying        |       |       |       |       |     1 |       ||     1
  Eat: Chunk             |     1 |     7 |    14 |    21 |    32 |    29 ||   104
       Fruit             |       |       |     3 |       |       |       ||     3
       Meat ration       |       |       |       |     3 |       |     2 ||     5
       Royal jelly       |       |       |       |     1 |       |     1 ||     2
       Bread ration      |       |       |       |       |       |     1 ||     1
Armor: Animal skin       |     4 |       |       |       |       |       ||     4
       Ring mail         |    15 |    35 |       |       |       |       ||    50
       Chain mail        |       |    13 |   185 |   278 |   579 |   963 ||  2018
Dodge: Dodged            |    27 |    64 |   117 |   348 |   813 |  1540 ||  2909
Block: Buckler           |       |       |    17 |       |       |       ||    17
       Large shield      |       |       |    25 |    13 |       |       ||    38
       Rpst.: Falchion   |     5 |    17 |     9 |       |       |       ||    31
       Long sword        |       |       |    20 |    31 |       |       ||    51
       Scimitar          |       |       |       |    48 |    90 |       ||   138
       Triple sword      |       |       |       |    20 |    12 |       ||    32
       Great sword       |       |       |       |       |    81 |   250 ||   331
       Double sword      |       |       |       |       |       |     3 ||     3

Vault maps used:
D:1:      erik_arrival_cave_to_civilisation, minivault_25
D:2:      doesnt_xom_only_xom, lemuel_crystal_altar, nrook_mini_vaults,
          uniq_crazy_yiuf_cottage
D:3:      gammafunk_steamed_eel, minitemple
D:4:      lemuel_round_altar, yredelemnul_forgotten_temple_becter, serial_shops,
          shop, first_bread
D:5:      lemuel_crystal_altar, uniq_edmund, uniq_blork_the_orc, uniq_ijyb
D:6:      lemuel_doored_altar, lemuel_blue_sif_altar
D:7:      temple_pool_b, minivault_5
D:8:      the_bakery, uniq_maurice
D:9:      fedhas_altar_1, serial_co_window_serial, co_window_paths_b,
          co_window_paths_a, co_window_of_opportunity_a, co_window_corner_a,
          co_window_of_opportunity_a, co_window_of_opportunity_a,
          co_window_paths_b, co_window_of_opportunity_a, co_window_paths_a,
          co_window_broadway_b, co_window_paths_c, co_window_corner_b,
          co_window_paths_d
D:10:     zombieorc2_lemuel
D:11:     david_lair_generic
D:12:     minmay_guarded_unrand_guard, uniq_urug
D:13:     patterned_corridor
D:14:     hangedman_vaults_entry_quadrant_bands, minmay_misc_feat_doors,
          nicolae_dithmenos_through_a_glass_darkly
D:15:     grunt_enter_depths_magical_seal, hangedman_decor_riveting,
          serial_shops, nicolae_shop_statue_plus, lemuel_freeze_loot_1
Lair:1:   beast_lair_carwin_large_3, basic_altar, uniq_erica, uniq_fannar
Lair:2:   special_room, serial_bayou_lake_a, infiniplex_staircase_pool_2,
          serial_bayou_shore_b
Lair:3:   minmay_shoals_entry_hut, spider_nest_entry_webs, st_stairs_3
Lair:4:   serial_bayou_shore_b, infiniplex_staircase_pool
Lair:5:   minmay_slime_entry_oklob_open, lab_entry_generic,
          grunt_forest_large_clearings
Lair:6:   guppyfry_lair_end_dragon, hangedman_lair_in_review
Shoals:1: nicolae_shoals_stone_sculpture_thing
Shoals:2: uniq_louise
Shoals:3: nicolae_shoals_siren_and_animal_friends
Shoals:4: shoals_end_simple, shoal_ilsuiw, uniq_nikola
Spider:1: hangedman_spider_tarantella_strand, uniq_roxanne
Spider:3: nicolae_orb_stairs, uniq_mara
Spider:4: grunt_spider_rune_circles, special_room
Orc:1:    trog_book, uniq_josephine, uniq_gastronok
Orc:2:    st_orc_mages, portal_ice_cave_entry_pillars_1
Abyss:3:  due_evilmike_abyss_rune_seething_liches, hangedman_decor_points
IceCv:    ice_cave_small_giant

Notes
Turn   | Place    | Note
-------+----------+-------------------------------------------
     0 | D:1      | Jazqa the Minotaur Berserker began the quest for the Orb.
     0 | D:1      | Reached XP level 1. HP: 19/19 MP: 0/0
   152 | D:1      | Reached XP level 2. HP: 11/27 MP: 1/1
   518 | D:1      | Reached skill level 4 in Fighting
   695 | D:1      | Reached skill level 4 in Long Blades
   879 | D:1      | Reached XP level 3. HP: 33/33 MP: 2/2
  1089 | D:2      | Reached ** piety under Trog
  1125 | D:2      | Reached XP level 4. HP: 30/41 MP: 3/3
  1166 | D:2      | Reached skill level 5 in Fighting
  1208 | D:2      | Found an opulent altar of Gozag.
  1210 | D:2      | Found an ancient bone altar of Kikubaaqudgha.
  1210 | D:2      | Found a shimmering altar of Xom.
  1212 | D:2      | Found a glowing silver altar of Zin.
  1212 | D:2      | Found a shimmering altar of Xom.
  1212 | D:2      | Found an iron altar of Okawaru.
  1238 | D:2      | Found a white marble altar of Elyvilon.
  1325 | D:2      | Found a runed door.
  1501 | D:2      | Noticed Crazy Yiuf
  1508 | D:2      | Killed Crazy Yiuf
  1664 | D:3      | Found a transporter.
  1674 | D:3      | Found a transporter.
  1692 | D:3      | Reached skill level 5 in Long Blades
  1725 | D:3      | Reached XP level 5. HP: 45/48 MP: 4/4
  2061 | D:3      | Found a deep blue altar of Sif Muna.
  2068 | D:3      | Found an ancient bone altar of Kikubaaqudgha.
  2068 | D:3      | Found a sparkling altar of Nemelex Xobeh.
  2327 | D:4      | Found a glowing silver altar of Zin.
  2476 | D:4      | Got a slimy chain mail
  2479 | D:4      | Reached skill level 6 in Fighting
  2495 | D:4      | Identified the +6 chain mail of Exclusion {rPois MP-9 SInv Stlth+} (You found it on level 4 of the Dungeon)
  2548 | D:4      | Found Xiumnely's Assorted Antiques.
  2583 | D:4      | Reached *** piety under Trog
  2583 | D:4      | Reached skill level 6 in Long Blades
  2583 | D:4      | Reached XP level 6. HP: 55/57 MP: 0/5
  2589 | D:4      | Found a basalt altar of Yredelemnul.
  2853 | D:5      | Entered Level 5 of the Dungeon
  2878 | D:5      | Reached skill level 7 in Fighting
  2982 | D:5      | Reached skill level 7 in Long Blades
  2982 | D:5      | Reached XP level 7. HP: 64/66 MP: 0/6
  3005 | D:5      | Noticed Blork the orc
  3015 | D:5      | Killed Blork the orc
  3159 | D:5      | Noticed Ijyb
  3178 | D:5      | Killed Ijyb
  3182 | D:5      | Found a shattered altar of Ashenzari.
  3323 | D:5      | Reached skill level 3 in Armour
  3394 | D:5      | Noticed Edmund
  3404 | D:5      | Killed Edmund
  3404 | D:5      | Reached skill level 3 in Dodging
  3709 | D:6      | Reached skill level 4 in Armour
  3721 | D:6      | Reached skill level 8 in Fighting
  3721 | D:6      | Reached XP level 8. HP: 63/74 MP: 0/7
  3771 | D:6      | You fall through a shaft!
  3780 | D:7      | Reached skill level 8 in Long Blades
  3780 | D:7      | Reached skill level 4 in Dodging
  3827 | D:7      | Reached skill level 5 in Armour
  3831 | D:7      | Reached **** piety under Trog
  4006 | D:6      | Found a bloodstained altar of Trog.
  4384 | D:6      | Found a deep blue altar of Sif Muna.
  4520 | D:6      | Reached skill level 5 in Dodging
  4593 | D:7      | Reached skill level 9 in Fighting
  4697 | D:7      | Received a gift from Trog
  4749 | D:7      | Reached skill level 9 in Long Blades
  4749 | D:7      | Reached skill level 6 in Armour
  4758 | D:7      | Noticed a hippogriff
  4766 | D:7      | Killed a hippogriff
  4766 | D:7      | Reached XP level 9. HP: 79/82 MP: 0/8
  4835 | D:7      | Found a staircase to the Ecumenical Temple.
  4872 | D:7      | Got a bone long sword
  5011 | D:7      | Got a spiked large shield
  5024 | D:7      | Identified the cursed -3 large shield "Wecvouch" {rF+} (You found it on level 7 of the Dungeon)
  5078 | D:8      | Noticed Maurice
  5089 | D:8      | Killed Maurice
  5089 | D:8      | Reached skill level 7 in Armour
  5089 | D:8      | Reached skill level 6 in Dodging
  5161 | D:8      | Identified the +8 long sword of Zinonin {pain, +Inv} (You found it on level 7 of the Dungeon)
  5489 | D:8      | Reached skill level 10 in Fighting
  5489 | D:8      | Reached skill level 10 in Long Blades
  5700 | D:9      | Found a blossoming altar of Fedhas.
  5801 | D:9      | Noticed a troll
  5809 | D:9      | Killed a troll
  5809 | D:9      | Reached skill level 7 in Dodging
  5812 | D:9      | Reached XP level 10. HP: 88/92 MP: 0/9
  5832 | D:9      | Reached skill level 8 in Armour
  5933 | D:9      | Received a gift from Trog
  6338 | D:9      | Gained mutation: Your mind is acute. (Int +2) [potion of mutation]
  6338 | D:9      | Gained mutation: You have large cloven feet. [potion of mutation]
  6338 | D:9      | Gained mutation: You are agile. (Dex +2) [potion of mutation]
  6339 | D:9      | Lost mutation: You have large cloven feet. [potion of mutation]
  6339 | D:9      | Lost mutation: Your mind is acute. (Int +2) [potion of mutation]
  6339 | D:9      | Lost mutation: You are agile. (Dex +2) [potion of mutation]
  6339 | D:9      | Gained mutation: You are weak. (Str -2) [potion of mutation]
  6339 | D:9      | Lost mutation: You are weak. (Str -2) [potion of mutation]
  6339 | D:9      | Gained mutation: You are partially covered in thin metallic scales. (AC +2) [potion of mutation]
  6641 | D:9      | Reached ***** piety under Trog
  7014 | D:10     | Entered Level 10 of the Dungeon
  7148 | D:10     | Found a staircase to the Orcish Mines.
  7200 | D:10     | Reached skill level 11 in Fighting
  7204 | D:10     | Reached skill level 9 in Armour
  7215 | D:10     | Reached skill level 11 in Long Blades
  7215 | D:10     | Reached skill level 8 in Dodging
  7407 | D:10     | Noticed Beowulf's ghost (novice MiBe)
  7418 | D:10     | Killed Beowulf's ghost
  7630 | D:10     | Received a gift from Trog
  8035 | D:11     | Noticed a death yak
  8166 | D:11     | Killed a death yak
  8166 | D:11     | Reached XP level 11. HP: 102/102 MP: 1/10
  8412 | D:11     | Got a slimy scimitar
  8414 | D:11     | Identified the +5 scimitar "Cesu" {freeze, Int+2 Stlth+} (You found it on level 11 of the Dungeon)
  8514 | D:11     | Found a staircase to the Lair.
  8677 | D:11     | Reached skill level 10 in Armour
  8684 | D:11     | Reached skill level 9 in Dodging
  8963 | Lair:1   | Entered Level 1 of the Lair of Beasts
  9087 | Lair:1   | Reached skill level 12 in Fighting
  9152 | Lair:1   | Reached skill level 12 in Long Blades
  9252 | Lair:1   | Noticed Fannar
  9259 | Lair:1   | Killed Fannar
  9275 | Lair:1   | Noticed Erica
  9278 | Lair:1   | Killed Erica
  9301 | Lair:1   | Found a basalt altar of Yredelemnul.
  9528 | Lair:1   | Reached skill level 11 in Armour
  9818 | Lair:2   | Reached skill level 10 in Dodging
  9922 | Lair:2   | Received a gift from Trog
  9930 | Lair:2   | Got a crystal triple sword {god gift}
  9940 | Lair:2   | Identified the +6 triple sword "Killer Bee's Doom" {elec, rC+} (Trog gifted it to you on level 2 of the Lair of Beasts)
 10228 | Lair:2   | Reached XP level 12. HP: 89/113 MP: 2/11
 10440 | Lair:2   | Reached skill level 13 in Fighting
 10448 | Lair:2   | Reached skill level 13 in Long Blades
 10911 | Lair:3   | Noticed a seven-headed hydra
 10919 | Lair:3   | Killed a four-headed hydra
 10944 | Lair:3   | Found a hole to the Spider Nest.
 10980 | Lair:3   | Reached skill level 11 in Dodging
 11043 | Lair:3   | Noticed a six-headed hydra
 11080 | Lair:3   | Killed a three-headed hydra
 11169 | Lair:3   | Noticed arttle's ghost (journeyman GrEE)
 11183 | Lair:3   | Killed arttle's ghost
 11668 | Lair:3   | Found a staircase to the Shoals.
 12450 | Lair:4   | Got a shimmering arbalest
 12458 | Lair:4   | Reached skill level 14 in Fighting
 12458 | Lair:4   | Reached skill level 14 in Long Blades
 12761 | Lair:5   | Noticed a seven-headed hydra
 12774 | Lair:5   | Killed a one-headed hydra
 12774 | Lair:5   | Reached skill level 12 in Dodging
 12810 | Lair:5   | Reached XP level 13. HP: 124/124 MP: 3/12
 13289 | Lair:5   | Found a staircase to the Slime Pits.
 13584 | Lair:6   | Entered Level 6 of the Lair of Beasts
 13980 | Lair:6   | Received a gift from Trog
 14161 | Lair:6   | Reached skill level 15 in Long Blades
 14276 | Lair:6   | Noticed a fire dragon
 14282 | Lair:6   | Killed a fire dragon
 14530 | Lair:6   | Reached skill level 15 in Fighting
 14533 | Lair:6   | Reached skill level 12 in Armour
 14575 | Lair:6   | Reached skill level 13 in Dodging
 14985 | Lair:6   | Reached XP level 14. HP: 118/135 MP: 4/13
 15283 | Orc:1    | Entered Level 1 of the Orcish Mines
 15335 | Orc:1    | Noticed Josephine
 15350 | Orc:1    | Killed Josephine
 15433 | Orc:1    | Found a bloodstained altar of Trog.
 15546 | Orc:1    | Received a gift from Trog
 15667 | Orc:2    | Entered Level 2 of the Orcish Mines
 15703 | Orc:2    | Noticed an orc warlord
 15722 | Orc:2    | Killed an orc warlord
 15871 | Orc:2    | Found Ximaucse's Distillery.
 15871 | Orc:2    | Found Geot Aptiy's General Store.
 15893 | Orc:2    | Found Tejilloudo's Food Shoppe.
 15896 | Orc:2    | Found Zuleifiwu's Gadget Emporium.
 15928 | Orc:2    | Received a gift from Trog
 15964 | Orc:2    | Bought a scroll of identify for 28 gold pieces
 15970 | Orc:2    | Bought a potion of heal wounds for 75 gold pieces
 15970 | Orc:2    | Bought a potion of heal wounds for 75 gold pieces
 15970 | Orc:2    | Bought 2 potions of heal wounds for 150 gold pieces
 15997 | Orc:2    | Found a staircase to the Elven Halls.
 16078 | Orc:2    | Found a frozen archway.
 16155 | IceCv    | Entered an ice cave
 16187 | IceCv    | Reached skill level 16 in Long Blades
 16190 | IceCv    | Reached skill level 13 in Armour
 16194 | IceCv    | Reached skill level 16 in Fighting
 16526 | IceCv    | Noticed a frost giant
 16539 | IceCv    | Killed a frost giant
 16545 | IceCv    | Reached skill level 14 in Dodging
 17482 | D:12     | Noticed a tengu reaver
 17482 | D:12     | Noticed a war gargoyle
 17497 | D:12     | Noticed a sphinx
 17498 | D:12     | Killed a tengu reaver
 17508 | D:12     | Killed a war gargoyle
 17656 | D:12     | Killed a sphinx
 17937 | D:12     | Received a gift from Trog
 17960 | D:12     | Reached XP level 15. HP: 122/145 MP: 1/14
 18361 | D:12     | Noticed Urug
 18380 | D:12     | Killed Urug
 18627 | D:13     | Reached skill level 14 in Armour
 19881 | D:14     | Found a gate to the Vaults.
 19886 | D:14     | Reached ****** piety under Trog
 19916 | D:14     | Received a gift from Trog
 19916 | D:14     | Reached skill level 17 in Long Blades
 19920 | D:14     | Reached skill level 17 in Fighting
 20236 | D:14     | Found a shadowy altar of Dithmenos.
 20442 | D:15     | Entered Level 15 of the Dungeon
 20852 | D:15     | Found Laekalic's Food Shoppe.
 20889 | D:15     | Identified a scroll of acquirement
 20901 | D:15     | Identified 2 potions of resistance
 21179 | D:15     | Reached skill level 15 in Dodging
 21198 | D:15     | Found a staircase to the Depths.
 21599 | Spider:1 | Entered Level 1 of the Spider Nest
 21642 | Spider:1 | Noticed ThereIsNoGod's ghost (journeyman TrFi)
 21692 | Spider:1 | Killed ThereIsNoGod's ghost
 21708 | Spider:1 | Reached skill level 15 in Armour
 21864 | Spider:1 | Noticed a ghost moth
 21875 | Spider:1 | Killed a ghost moth
 22077 | Spider:1 | Noticed Roxanne
 22163 | Spider:1 | Reached XP level 16. HP: 142/155 MP: 2/15
 22420 | Spider:1 | Received a gift from Trog
 23191 | Spider:2 | Reached skill level 18 in Long Blades
 23430 | Spider:2 | Got a faintly glowing long sword
 23432 | Spider:2 | Identified the +6 long sword of Wuba {holy, rPois rC- Dex+4} (You found it on level 2 of the Spider Nest)
 23515 | Spider:2 | Identified the Catalogue of the Traveller and Flight
 23664 | Spider:2 | Reached skill level 18 in Fighting
 23671 | Spider:2 | Received a gift from Trog
 23888 | Spider:3 | Received a gift from Trog
 23888 | Spider:3 | Reached skill level 16 in Armour
 23942 | Spider:3 | Reached skill level 16 in Dodging
 24285 | Spider:3 | Noticed Mara
 24298 | Spider:3 | Killed Mara
 24802 | Spider:4 | Entered Level 4 of the Spider Nest
 24986 | Spider:4 | Reached XP level 17. HP: 166/166 MP: 2/16
 26402 | Spider:4 | Received a gift from Trog
 26625 | Spider:4 | Reached skill level 17 in Armour
 26637 | Spider:4 | Reached skill level 19 in Long Blades
 26661 | Spider:4 | Reached skill level 19 in Fighting
 26746 | Spider:4 | Reached skill level 17 in Dodging
 26820 | Spider:4 | Got a gossamer rune of Zot
 27039 | Spider:4 | Got a steaming leather armour
 27042 | Spider:4 | Identified the cursed +1 leather armour "Fiuch" {rC++} (You found it on level 4 of the Spider Nest)
 27346 | Shoals:1 | Entered Level 1 of the Shoals
 28508 | Shoals:2 | Received a gift from Trog
 28560 | Shoals:2 | HP: 15/168 [drowned by a drowned soul[a merfolk avatar] (15)]
 28875 | Shoals:2 | Noticed Louise
 28891 | Shoals:2 | Killed Louise
 29117 | Shoals:3 | Noticed a kraken
 29287 | Shoals:3 | Killed a kraken
 29287 | Shoals:3 | Reached XP level 18. HP: 109/176 MP: 2/17
 29903 | Shoals:3 | Received a gift from Trog
 29934 | Shoals:3 | Reached skill level 18 in Armour
 30239 | Shoals:4 | Entered Level 4 of the Shoals
 30699 | Shoals:4 | Got a barnacled rune of Zot
 31013 | Shoals:4 | Reached skill level 20 in Long Blades
 31081 | Shoals:4 | Noticed Ilsuiw
 31089 | Shoals:4 | You are cast into the Abyss!
 31089 | Shoals:4 | Cast into level 2 of the Abyss (merfolk impaler)
 31257 | Abyss:2  | Received a gift from Trog
 31299 | Abyss:2  | Noticed a lich
 31309 | Abyss:2  | Killed a lich
 31370 | Abyss:2  | Reached skill level 18 in Dodging
 31460 | Shoals:4 | You pass through the gate.
 31460 | Shoals:4 | Escaped the Abyss
 31472 | Shoals:4 | HP: 13/178 [merfolk impaler/trident of distortion (9)]
 31473 | Shoals:4 | HP: 6/178 [drowned by a water elemental[Ilsuiw] (4)]
 31478 | Shoals:4 | HP: 16/178 [merfolk impaler/trident of distortion (4)]
 31682 | Shoals:4 | Noticed Nikola
 31689 | Shoals:4 | Killed from afar by Nikola

Vanquished Creatures
  Mara (Spider:3)
  A lich (Abyss:2)
  A kraken (Shoals:3)
  A sphinx (D:12)
  A revenant (Abyss:3)
  The ghost of ThereIsNoGod the Basher, a journeyman TrFi of Okawaru (Spider:1)
  6 ghost moths
  A balrug (Abyss:2)
  9 emperor scorpions
  Louise (Shoals:2)
  7 entropy weavers
  8 merfolk impalers
  5 merfolk javelineers (Shoals:4)
  Josephine (Orc:1)
  A fire dragon (Lair:6)
  The ghost of arttle the Earth Mage, a journeyman GrEE of Vehumet (Lair:3)
  A rakshasa (D:14)
  10 hydras
  2 catoblepae (Lair:6)
  An ice dragon (Abyss:3)
  4 merfolk avatars
  3 alligator snapping turtles
  3 centaur warriors
  2 merfolk aquamancers (Shoals:4)
  The ghost of Beowulf the Cleaver, a novice MiBe of Trog (D:10)
  4 death yaks
  An ogre mage (D:15)
  8 two-headed ogres
  A tengu warrior (D:15)
  An orc high priest (Orc:2)
  A deep elf knight (D:14)
  A thrashing horror (Abyss:2)
  Urug (D:12)
  A skeletal warrior (D:14)
  A wretched star (Abyss:2)
  A sun demon (Abyss:2)
  A soul eater (Abyss:2)
  2 glowing orange brains (shapeshifter)
  2 unseen horrors (D:12)
  3 wizards (D:15)
  A spatial maelstrom (Abyss:2)
  A swamp dragon (Lair:6)
  An anaconda skeleton (Abyss:2)
  13 sea snakes
  5 harpies (Shoals:3)
  2 deep elf magi
  29 wolf spiders
  A necromancer (D:15)
  22 orb spiders
  5 orc sorcerers
  5 ugly things
  9 fauns
  An orc knight (Orc:2)
  18 manticores
  4 cyclopes
  2 moths of wrath
  5 elephants
  8 black mambas
  Maurice (D:8)
  3 merfolk sirens
  2 centaur zombies
  2 ice statues (IceCv)
  2 orange demons
  8 spiny frogs
  4 water nymphs
  15 demonic crawlers
  10 komodo dragons
  2 kobold demonologists
  3 rime drakes
  9 trolls
  A queen bee (Lair:2)
  30 jumping spiders
  22 merfolk
  13 polar bears
  2 raiju (Abyss:2)
  4 hornets
  2 wind drakes
  4 slime creatures (D:15)
  15 hippogriffs
  8 snapping turtles
  14 blink frogs
  8 dream sheep
  A centaur simulacrum (D:14)
  116 redbacks
  A vampire (D:14)
  39 tarantellas
  10 starcursed masses (Abyss:2)
  A small abomination (Abyss:3)
  A spriggan (D:8)
  6 basilisks
  6 water elementals
  A basilisk (shapeshifter) (D:15)
  2 large abominations (Abyss:2)
  A wyvern (D:13)
  39 yaks
  5 wraiths
  2 hungry ghosts
  4 steam dragons (Lair:6)
  6 vampire mosquitoes (D:13)
  2 chaos spawn
  4 wargs
  Edmund (D:5)
  3 acid dragons
  13 water moccasins
  A hell hound (Abyss:2)
  4 porcupines
  7 orc warriors
  5 sky beasts
  A swamp drake (Lair:6)
  3 ice beasts
  An eye of draining (D:13)
  4 necrophages
  10 ogres
  7 phantoms
  40 wolves
  A boggart (D:14)
  5 centaurs
  12 crocodiles
  7 big kobolds
  14 bullfrogs
  Blork the orc (D:5)
  A troll zombie (D:10)
  3 scorpions
  21 wights
  30 killer bees
  8 electric eels
  A howler monkey (D:6)
  4 jellies
  4 crimson imps
  18 orc priests
  Crazy Yiuf (D:2)
  7 hounds
  A bullfrog skeleton (D:9)
  14 centaur skeletons
  Ijyb (D:5)
  9 iguanas
  28 orc wizards
  6 worker ants
  7 ogre zombies (D:10)
  A hound skeleton (D:10)
  A worker ant zombie (D:10)
  8 gnolls
  11 adders
  4 shadow imps
  An ooze (D:1)
  3 adder zombies
  3 adder skeletons
  A worm (D:3)
  2 dart slugs
  7 leopard geckos
  42 orcs
  4 bats
  4 giant cockroaches
  9 goblins
  6 hobgoblins
  11 jackals
  5 quokkas
  2 ball pythons
  5 frilled lizards
  A goblin skeleton (D:10)
  4 goblin zombies (D:10)
  A hobgoblin skeleton (D:10)
  4 hobgoblin zombies (D:10)
  19 kobolds
  3 orc skeletons (D:10)
  12 orc zombies (D:10)
  10 rats
  A spectral orc (D:4)
  2 tentacles (Shoals:3)
1156 creatures vanquished.

Vanquished Creatures (collateral kills)
  A tengu reaver (D:12)
  A frost giant (IceCv)
  An orc warlord (Orc:2)
  A war gargoyle (D:12)
  A merfolk javelineer (Shoals:4)
  Fannar (Lair:1)
  2 merfolk aquamancers
  A two-headed ogre (D:12)
  Erica (Lair:1)
  A skeletal warrior (D:12)
  3 sea snakes
  A wolf spider (Spider:3)
  2 ugly things (D:12)
  A demonic crawler (Spider:3)
  A meliai (D:12)
  A jumping spider (Spider:3)
  A merfolk (Shoals:2)
  A snapping turtle (Shoals:2)
  2 tarantellas (Spider:3)
  2 redbacks (Spider:3)
  3 water elementals (Shoals:2)
  5 yaks
  5 orc warriors (Orc:2)
  4 starcursed masses (Abyss:2)
  A wolf (IceCv)
  3 electric eels (Lair:2)
  4 orc priests (Orc:2)
  8 orc wizards (Orc:2)
  9 orcs (Orc:2)
68 creatures vanquished.

Vanquished Creatures (others)
  A merfolk aquamancer (Shoals:4)
  A tengu warrior (D:15)
  A wolf spider (Spider:4)
  An orb spider (Spider:4)
  A jumping spider (Spider:4)
  2 water elementals (D:15)
  2 electric eels (D:15)
  8 fungi
  12 plants
  13 tentacles (Shoals:3)
42 creatures vanquished.

Grand Total: 1266 creatures vanquished
